 Dungeon Crawl Stone Soup version 0.28.0-45-g0d030f2227 (webtiles) character file.

Game seed: 4194202380852148025

272 thiscave3701365 the Chopper (level 6, -13/56 HPs)
             Began as a Hill Orc Berserker on Apr 19, 2022.
             Was a Follower of Trog.
             Mangled by an ogre
             ... wielding a +0 giant club
              (25 damage)
             ... on level 4 of the Dungeon.
             The game lasted 00:03:45 (4811 turns).

thiscave3701365 the Chopper (Hill Orc Berserker)    Turns: 4811, Time: 00:03:46

Health: -13/56     AC: 10    Str: 22    XL:     6   Next: 23%
Magic:  0/6        EV: 10    Int:  7    God:    Trog [*.....]
Gold:   135        SH:  0    Dex: 10    Spells: 5/5 levels left

rFire   . . .      SeeInvis .   a - +0 hand axe
rCold   . . .      Faith    .   (no shield)
rNeg    . . .      Spirit   +   p - +0 scale mail
rPois   .          Reflect  .   (no helmet)
rElec   .          Harm     .   (no cloak)
rCorr   .          Rampage  .   (no gloves)
Will    .....                   l - +2 pair of boots
Stlth   ..........              f - amulet of guardian spirit
HPRegen 0.18/turn               (no ring)
MPRegen 0.10/turn               (no ring)

@: no status effects
A: no striking features
a: Renounce Religion, Berserk


You were on level 4 of the Dungeon.
You worshipped Trog.
Trog was aware of your devotion.
You visited 1 branch of the dungeon, and saw 4 of its levels.

You collected 135 gold pieces.

Inventory:

Hand Weapons
 a - a +0 hand axe (weapon)
Armour
 l - a +2 pair of boots (worn)
 p - a +0 scale mail (worn)
Jewellery
 f - an amulet of guardian spirit (around neck)
Scrolls
 b - a scroll of fear {unknown}
 c - 2 scrolls of magic mapping {unknown}
 i - a scroll of fog {unknown}
 m - a scroll of teleportation {unknown}
 n - a scroll of identify {unknown}
Potions
 d - a potion of curing {unknown}
 e - a potion of brilliance {unknown}
 g - a potion of heal wounds {unknown}
 h - a potion of haste {unknown}
 j - a potion of magic {unknown}
 k - a potion of flight {unknown}
 o - a potion of berserk rage {unknown}


   Skills:
 + Level 5.1 Fighting
 + Level 5.6 Axes
 + Level 4.0 Armour
 + Level 2.9 Dodging


You had 5 spell levels left.
You didn't know any spells.
Your spell library was empty.

Dungeon Overview and Level Annotations

Branches:
Dungeon (4/15)             Temple (0/1) D:4

Altars:


Message History

You are exhausted.
You feel yourself slow down.
You start resting.
HP restored.
You start resting.
Magic restored.
You start waiting.
You feel yourself speed up.
Found 10 arrows.
No target in view!
An ogre comes into view. It is wielding a +0 giant club.
The ogre moves out of view.
No target in view!
An ogre is nearby!
An ogre is nearby!
An ogre is nearby!
You hit the ogre but do no damage.
The ogre hits you with a +0 giant club!!
An ogre is nearby!
You hit the ogre.
The ogre is lightly wounded.
The ogre hits you with a +0 giant club!
An ogre is nearby!
You are too injured to fight recklessly!
An ogre is nearby!
You are too injured to fight recklessly!
An ogre is nearby!
You are too injured to fight recklessly!
You're still recovering from your berserk rage.
You hit the ogre.
The ogre is lightly wounded.
You hit the ogre.
The ogre is moderately wounded.
The ogre hits you with a +0 giant club.
* * * LOW HITPOINT WARNING * * *
You're still recovering from your berserk rage.
You slash the ogre!
The ogre is heavily wounded.
You recover from your berserk rage.
The ogre hits you with a +0 giant club!!
You die...

##.....##.).#.#.##
#..#.#..##......#
..##.##..##.##.##
.##...##.......#
....>.........##
.##...##......####
..##.##..##...#..###
#..#.#..##.....?...#
##...[.##.......@..#
.#.....#..###..#O..#
.......... #...#....#
..#.................#
..##.....######.#....#
...#.....# #......#
.......#.# .....###
.....##...# .. ...
##..(...... .#. ...#


You could see an ogre.

Vanquished Creatures
  A water moccasin (D:3)
  An iguana (D:4)
  A hound skeleton (D:4)
  A gnoll (D:1)
  2 adders
  An adder skeleton (D:4)
  4 worms
  3 dart slugs
  An orc (D:4)
  8 endoplasms
  A giant cockroach (D:4)
  7 goblins
  6 hobgoblins
  2 jackals (D:3)
  5 quokkas
  8 ball pythons
  7 bats
  4 frilled lizards (D:3)
  7 kobolds
  3 rats
73 creatures vanquished.

Notes
Turn   | Place    | Note
-------+----------+-------------------------------------------
     0 | D:1      | thiscave3701365 the Hill Orc Berserker began the quest for
                  | the Orb.
     0 | D:1      | Reached XP level 1. HP: 19/19 MP: 1/1
    52 | D:1      | Reached XP level 2. HP: 10/27 MP: 2/2
   764 | D:1      | Found a faded altar of an unknown god.
  1108 | D:1      | Reached XP level 3. HP: 25/33 MP: 3/3
  2808 | D:2      | Reached XP level 4. HP: 40/40 MP: 4/4
  3338 | D:3      | Noticed a water moccasin
  3346 | D:3      | Killed a water moccasin
  3347 | D:3      | Reached skill level 5 in Axes
  3347 | D:3      | Reached XP level 5. HP: 42/47 MP: 5/5
  4194 | D:3      | You fall into a shaft and drop 1 floor!
  4419 | D:4      | Reached skill level 5 in Fighting
  4453 | D:4      | Reached ** piety under Trog
  4457 | D:4      | Reached XP level 6. HP: 56/56 MP: 6/6
  4515 | D:4      | Found a staircase to the Ecumenical Temple.
  4811 | D:4      | Mangled by an ogre

Illustrated notes

Levels and vault maps discovered:
D:1:      dpeg_arrival_orchard, layout_loops_ring,
          ebering_ecumenical_altar_petrified
D:2:      layout_rooms, roderic_serpentine_path
D:3:      layout_basic
D:4:      layout_cave_pools, nicolae_overflow_hidden_temple,
          minmay_temple_entry_waves, minmay_misc_feat_secret_circle,
          kennysheep_diamond, kennysheep_generic_room_5

Skill      XL: |  1  2  3  4  5  6 |
---------------+-------------------+-----
Fighting       | 4 5 |  5.1
Dodging        | 2 |  2.9
Armour         | 3 4 |  4.0
Axes           | 5 |  5.6

Action                   |  1- 3 |  4- 6 || total
-------------------------+-------+-------++-------
Melee: Hand axe          |   106 |   121 ||   227
       Punch             |     1 |     1 ||     2
Invok: Berserk           |     2 |     9 ||    11
Armor: Animal skin       |    18 |       ||    18
       Ring mail         |    20 |    40 ||    60
       Scale mail        |       |    17 ||    17
Dodge: Dodged            |    67 |    73 ||   140
